 Dungeon Crawl Stone Soup version 0.23.0-2-g0fe3ce5905 (webtiles) character file.

Game seed: 14341579184052427280

10297 Laan the Cleaver (level 11, -2/71 HPs)
             Began as a Gargoyle Monk on Feb 20, 2019.
             Was a High Priest of the Shining One.
             Slain by a two-headed ogre
             ... wielding a +0 giant club
              (14 damage)
             ... on level 10 of the Dungeon.
             The game lasted 00:19:18 (9075 turns).

Laan the Cleaver (Gargoyle Monk)                    Turns: 9075, Time: 00:19:18

Health: -2/71      AC: 29    Str: 21    XL:     11   Next: 59%
Magic:  11/11      EV:  4    Int: 11    God:    the Shining One [*****.]
Gold:   833        SH: 16    Dex: 12    Spells: 10/10 levels left

rFire    + . .     SeeInvis +   a - +0 hand axe
rCold    . . .     Gourm    .   D - +0 large shield
rNeg     + + +     Faith    .   f - +0 plate armour
rPois    ∞         Spirit   .   j - +2 hat
rElec    +         Reflect  .   m - +0 cloak
rCorr    .         Harm     .   (no gloves)
MR       .....                  F - +2 pair of boots of Xehucw {rElec rPois SInv}
Stlth    ..........             s - amulet of the acrobat
HPRegen  0.21/turn              n - +3 ring of strength
MPRegen  0.12/turn              r - ring of protection from fire

@: glowing
A: negative energy resistance 1, electricity resistance, unbreathing,
petrification resistance, rot immunity, AC +8
a: Divine Shield, Cleansing Flame, Summon Divine Warrior, Renounce Religion


You were on level 10 of the Dungeon.
You worshipped the Shining One.
The Shining One was extremely pleased with you.
You were not hungry.

You visited 2 branches of the dungeon, and saw 11 of its levels.
You also visited: Ossuary.

You collected 833 gold pieces.

Inventory:

Hand Weapons
 a - a +0 hand axe (weapon)
Armour
 f - a +0 plate armour (worn)
 j - a +2 hat (worn)
 m - a +0 cloak (worn)
 D - a +0 large shield (worn)
 F - the +2 pair of boots of Xehucw (worn) {rElec rPois SInv}
   (You found it on level 8 of the Dungeon)

   It insulates you from electricity.
   It protects you from poison.
   It lets you see invisible.
Jewellery
 n - a +3 ring of strength (left hand)
 r - a ring of protection from fire (right hand)
 s - an amulet of the acrobat (around neck)
Wands
 x - a wand of flame (31)
 I - a wand of iceblast (17)
Scrolls
 d - 3 scrolls of immolation {unknown}
 e - 5 scrolls of teleportation {unknown}
 g - 6 scrolls of remove curse {unknown}
 h - 11 scrolls of identify
 l - 2 scrolls of random uselessness {unknown}
 u - 4 scrolls of enchant weapon {unknown}
 y - 2 scrolls of magic mapping {unknown}
 z - a scroll of fog {unknown}
 A - 2 scrolls of fear {unknown}
 E - 3 scrolls of blinking {unknown}
 G - a scroll of noise {unknown}
 H - a scroll of amnesia {unknown}
Potions
 i - 2 potions of curing
 k - 2 potions of lignification {unknown}
 p - 2 potions of brilliance {unknown}
 q - a potion of invisibility {unknown}
 t - 2 potions of agility {unknown}
 v - a potion of mutation {unknown}
 w - a potion of flight {unknown}
 B - a potion of haste
 C - a potion of magic {unknown}
 J - a potion of resistance {unknown}
Comestibles
 c - 19 rations
 o - 19 chunks of flesh


   Skills:
 + Level 9.6 Fighting
 * Level 10.9 Axes
 + Level 9.4 Armour
 - Level 2.4 Dodging
 - Level 2.1 Stealth
 + Level 7.5 Shields


You had 10 spell levels left.
You didn't know any spells.
Your spell library contained the following spells:

 Spells                   Type           Power        Failure   Level  Hunger
 Animate Skeleton         Necr           N/A          100%        1    ##.....
 Apportation              Tloc           #.....       100%        1    ##.....
 Confusing Touch          Hex            #.....       100%        1    ##.....
 Infusion                 Chrm           #...         100%        1    ##.....
 Summon Small Mammal      Summ           #...         100%        1    ##.....
 Call Imp                 Summ           #.......     100%        2    ###....
 Shroud of Golubria       Chrm/Tloc      #.........   100%        2    ###....
 Song of Slaying          Chrm           #.......     100%        2    ###....
 Call Canine Familiar     Summ           #.......     100%        3    ####...
 Regeneration             Chrm/Necr      #.........   100%        3    ####...
 Spectral Weapon          Hex/Chrm       #.......     100%        3    ####...
 Summon Guardian Golem    Hex/Summ       #.......     100%        3    ####...
 Summon Ice Beast         Ice/Summ       #.......     100%        4    #####..
 Summon Lightning Spire   Summ/Air       #.......     100%        4    #####..


Dungeon Overview and Level Annotations

Branches:
Dungeon (10/15)            Temple (1/1) D:6            Lair (0/6) D:10
    Orc: D:9-12

Altars:
Ashenzari
Cheibriados
Dithmenos
Elyvilon
Gozag
Hepliaklqana
Kikubaaqudgha
Makhleb
Nemelex Xobeh
Okawaru
Qazlal
Ru
Sif Muna
Trog
Uskayaw
Vehumet
Wu Jian
Xom
Zin
The Shining One

Shops:
D:4 }


Innate Abilities, Weirdness & Mutations

You are resistant to torment.
Your stone body is resilient. (AC +8)
You are immune to poison.
You resist negative energy. (rN+)
You are resistant to electric shocks. (rElec)
You can survive without breathing.
You are immune to petrification.
You are immune to rotting.


Message History

You are too injured to fight recklessly!
You are too injured to fight recklessly!
You are too injured to fight recklessly!
You are too injured to fight recklessly!
You slash the two-headed ogre!
The two-headed ogre is severely wounded.
You block the two-headed ogre's attack.
The two-headed ogre hits you but does no damage.
You hit the two-headed ogre but do no damage.
The two-headed ogre is severely wounded.
The two-headed ogre hits you with a +0 giant club!
The two-headed ogre hits you but does no damage.
You hit the two-headed ogre.
The two-headed ogre is almost dead.
You hit the two-headed ogre but do no damage.
The two-headed ogre is almost dead.
The two-headed ogre hits you with a +0 giant club!
* * * LOW HITPOINT WARNING * * *
The two-headed ogre hits you with a +0 giant spiked club!
You die...

. .. .. #.#######
#.....O>###############
###.....o.oT#...........#
....).....#o#...........#
......To..#O#.......)...####
.....o.5..#@#.....>.....'...
....[.....#.'...........####
..........###...........# #
.........?# #...........#
...?......# ####'########
'########## #.......#
#######.#


You could see a two-headed ogre, a troll, an orc warrior and an orc.

Vanquished Creatures
  Erica (D:9)
  3 two-headed ogres
  An ugly thing (D:9)
  Maurice (D:9)
  A centaur zombie (D:10)
  Joseph (D:9)
  A gargoyle (D:10)
  A troll (D:10)
  A hippogriff (D:9)
  A spriggan (D:7)
  A wyvern (D:10)
  9 yaks
  A soldier ant (D:8)
  A water moccasin (D:5)
  2 sky beasts
  2 phantoms
  A black bear (D:7)
  7 ogres
  4 centaurs
  2 big kobolds (D:4)
  3 elf zombies (Ossuary)
  3 bullfrogs
  A gnoll sergeant (D:5)
  A water moccasin zombie (D:8)
  4 scorpions
  4 wights (D:7)
  2 vampire bats (D:8)
  2 howler monkeys (D:8)
  A jelly (D:8)
  6 crimson imps
  A quasit (D:8)
  A human zombie (Ossuary)
  Crazy Yiuf (D:3)
  A gnoll shaman (D:4)
  4 orc wizards
  2 bullfrog skeletons
  A centaur skeleton (D:8)
  A hound (D:7)
  An orc priest (D:8)
  4 iguanas
  6 worker ants
  2 big kobold zombies (Ossuary)
  A hound skeleton (D:4)
  2 mummies (Ossuary)
  Robin (D:2)
  16 gnolls
  12 adders
  2 howler monkey skeletons (D:9)
  2 shadow imps
  3 oozes
  2 adder zombies
  An adder skeleton (D:9)
  A worm (D:2)
  2 dart slugs (D:2)
  6 leopard geckos
  7 orcs
  3 bat skeletons (D:8)
  3 bat zombies (D:8)
  A giant cockroach (D:1)
  18 goblins
  8 hobgoblins
  12 jackals
  20 kobolds
  6 quokkas
  A ball python (D:1)
  8 bats
  5 frilled lizards
  2 gnoll zombies (Ossuary)
  5 goblin zombies (Ossuary)
  An orc zombie (Ossuary)
  A quokka zombie (D:8)
  10 rats
256 creatures vanquished.

Notes
Turn   | Place    | Note
-------+----------+-------------------------------------------
     0 | D:1      | Laan the Gargoyle Monk began the quest for the Orb.
     0 | D:1      | Reached XP level 1. HP: 14/14 MP: 1/1
    73 | D:1      | Reached XP level 2. HP: 18/19 MP: 2/2
    77 | D:1      | Reached skill level 1 in Armour
   153 | D:1      | Reached skill level 3 in Axes
   381 | D:1      | Reached XP level 3. HP: 19/23 MP: 3/3
   953 | D:2      | Reached XP level 4. HP: 28/29 MP: 4/4
  1248 | D:2      | Noticed Robin
  1282 | D:2      | Killed Robin
  1421 | D:2      | Found a white marble altar of Elyvilon.
  1451 | D:2      | Found a bloodstained altar of Trog.
  1752 | D:3      | Reached XP level 5. HP: 32/33 MP: 5/5
  1825 | D:3      | Found a runed translucent door.
  1826 | D:3      | Noticed Crazy Yiuf
  1845 | D:3      | Killed Crazy Yiuf
  1845 | D:3      | Reached skill level 4 in Axes
  2387 | D:3      | Reached XP level 6. HP: 38/39 MP: 6/6
  2798 | D:4      | Found Gael's Gadget Boutique.
  3097 | D:4      | Reached XP level 7. HP: 42/44 MP: 7/7
  3124 | D:4      | Reached skill level 5 in Axes
  3402 | D:5      | Entered Level 5 of the Dungeon
  3407 | D:5      | Reached skill level 5 in Fighting
  3586 | D:5      | Found a snail-covered altar of Cheibriados.
  3695 | D:5      | Found a shattered altar of Ashenzari.
  3739 | D:5      | Reached skill level 5 in Armour
  3796 | D:5      | Reached skill level 6 in Axes
  3796 | D:5      | Reached XP level 8. HP: 29/51 MP: 8/8
  3964 | D:5      | Found an opulent altar of Gozag.
  4343 | D:6      | Found a glowing silver altar of Zin.
  4347 | D:6      | Found an ornate altar of the Wu Jian Council.
  4347 | D:6      | Found a sacrificial altar of Ru.
  4645 | D:6      | Reached skill level 1 in Shields
  4700 | D:6      | Got a coiled steel ring
  4701 | D:6      | Identified the cursed ring "Terefiff" {rN+ MR+ Str-2 Dex+5}
                  | (You found it on level 6 of the Dungeon)
  4719 | D:6      | Found a staircase to the Ecumenical Temple.
  4733 | Temple   | Entered the Ecumenical Temple
  4792 | Temple   | Became a worshipper of the Shining One
  4792 | Temple   | Reached * piety under the Shining One
  4792 | Temple   | Reached ** piety under the Shining One
  5049 | D:7      | Reached skill level 7 in Axes
  5092 | D:7      | Found a sand-covered staircase.
  5101 | Ossuary  | Entered an ossuary
  5135 | Ossuary  | Reached XP level 9. HP: 56/56 MP: 9/9
  5163 | Ossuary  | Reached *** piety under the Shining One
  5432 | D:7      | Found a hazy altar of Hepliaklqana.
  5569 | D:7      | Reached skill level 8 in Axes
  5902 | D:7      | Got a transparent trident
  5903 | D:7      | Identified the +4 trident "Iblysoss" {antimagic, +Blink
                  | Str+2 Stlth+} (You found it on level 7 of the Dungeon)
  6169 | D:8      | Noticed a two-headed ogre
  6184 | D:8      | Killed a two-headed ogre
  6184 | D:8      | Reached skill level 5 in Shields
  6184 | D:8      | Reached XP level 10. HP: 8/64 MP: 10/10
  6435 | D:8      | Reached skill level 9 in Axes
  6458 | D:8      | Found a shadowy altar of Dithmenos.
  6483 | D:8      | Reached **** piety under the Shining One
  6645 | D:8      | Found an ancient bone altar of Kikubaaqudgha.
  7038 | D:8      | Got a pair of faintly glowing boots
  7039 | D:8      | Identified the +2 pair of boots of Xehucw {rElec rPois
                  | SInv} (You found it on level 8 of the Dungeon)
  7381 | D:9      | Reached ***** piety under the Shining One
  7466 | D:9      | Noticed Maurice
  7470 | D:9      | Noticed Erica
  7481 | D:9      | Noticed a two-headed ogre
  7493 | D:9      | Killed Erica
  7501 | D:9      | Killed Maurice
  7532 | D:9      | Killed a two-headed ogre
  7532 | D:9      | Reached skill level 10 in Axes
  7532 | D:9      | Reached XP level 11. HP: 39/69 MP: 11/11
  7735 | D:9      | Noticed a two-headed ogre
  7753 | D:9      | Killed a two-headed ogre
  8072 | D:9      | Found a radiant altar of Vehumet.
  8114 | D:9      | Noticed Joseph
  8114 | D:9      | Noticed a brown ugly thing
  8148 | D:9      | Killed Joseph
  8169 | D:9      | Killed a brown ugly thing
  8755 | D:10     | Entered Level 10 of the Dungeon
  8933 | D:10     | Found a staircase to the Lair.
  9046 | D:10     | Noticed a two-headed ogre
  9075 | D:10     | Slain by a two-headed ogre

Skill      XL: |  1  2  3  4  5  6  7  8  9 10 11 |
---------------+----------------------------------+-----
Armour         | 1 2 3 4 5 6 7 8 9 |  9.4
Axes           | 3 4 6 7 8 10 | 10.9
Fighting       | 4 5 6 7 8 9 |  9.6
Shields        | 2 5 6 7 |  7.5
Dodging        | |  2.4
Stealth        | |  2.1

Action                   |  1- 3 |  4- 6 |  7- 9 | 10-12 || total
-------------------------+-------+-------+-------+-------++-------
Melee: Hand axe          |   100 |   314 |   640 |   599 ||  1653
Invok: Divine Shield     |       |       |       |     1 ||     1
Evoke: Wand              |       |       |     3 |     3 ||     6
  Use: Scroll            |       |     1 |     2 |     1 ||     4
       Potion            |       |       |       |     7 ||     7
 Stab: Sleeping          |     1 |       |       |       ||     1
  Eat: Chunk             |       |     8 |    11 |     7 ||    26
       Ration            |       |       |       |     1 ||     1
Armor: Robe              |     2 |       |       |       ||     2
       Scale mail        |    18 |       |       |       ||    18
       Ring mail         |     2 |       |       |       ||     2
       Plate armour      |    51 |   280 |   426 |   243 ||  1000
Dodge: Dodged            |    52 |   132 |   158 |    61 ||   403
Block: Large shield      |       |       |   208 |   419 ||   627
       Buckler           |       |       |    10 |       ||    10
